 Dungeon Crawl Stone Soup version 0.30-b1-6-gad0e9d6a2d (webtiles) character file.

Game seed: 13863591207284122662

100 Descartes the Ruffian (level 4, -9/36 HPs)
             Began as a Draconian Transmuter on May 5, 2023.
             Mangled by an ice beast (14 damage)
             ... on level 3 of the Dungeon.
             The game lasted 00:03:54 (1806 turns).

Descartes the Ruffian (Draconian Transmuter)        Turns: 1806, Time: 00:03:55

Health: -9/36      AC:  1    Str: 15    XL:     4   Next: 46%
Magic:  5/8        EV: 12    Int: 13    God:
Gold:   83         SH:  0    Dex: 11    Spells: 7/8 levels left

rFire   . .          .
                       - Unarmed
rCold   . . .        (no shield)
rNeg    + . .        (body armour unavailable)
rPois   .            (helmet currently unavailable)
rElec   .            (no cloak)
rCorr   .            (no gloves)
SInv    .            (boots currently unavailable)
Will    .....        (no amulet)
Stlth   +            c - ring of positive energy
HPRegen 0.26/turn    (no ring)
MPRegen 0.11/turn

%: no passive effects
@: appendages (expiring), corroded, slowed, very slow
A: horns 2, talons 2, AC +5, unfitting armour, cold-blooded
a: End Transformation


You were on level 3 of the Dungeon.
You had temporarily grown beastly horns and talons.
You visited 1 branch of the dungeon, and saw 3 of its levels.

You collected 83 gold pieces.

Inventory:

Missiles
 h - 4 poisoned darts
 i - 3 boomerangs of dispersal
 l - 7 boomerangs
Jewellery
 c - a ring of positive energy (left hand)
 g - a ring of fire
Scrolls
 b - a scroll of enchant weapon {unknown}
 e - 2 scrolls of identify {unknown}
 k - a scroll of vulnerability {unknown}
Potions
 a - a potion of lignification
 d - a potion of magic {unknown}
 f - a potion of brilliance {unknown}
 j - a potion of cancellation {unknown}
 m - a potion of degeneration {unknown}


   Skills:
 + Level 2.2 Fighting
 + Level 2.4 Dodging
 + Level 3.6 Unarmed Combat
 + Level 2.6 Spellcasting
 + Level 2.7 Transmutations


You had 7 spell levels left.
You knew the following spells:

 Your Spells              Type           Power      Damage    Failure   Level
a - Beastly Appendage     Tmut           16%        N/A       8%          1

Your spell library contained the following spells:

 Spells                   Type           Power      Damage    Failure   Level
 Wereblood                Tmut           8%         N/A       12%         2
 Spider Form              Tmut/Pois      5%         N/A       38%         3
 Ice Form                 Ice/Tmut       5%         N/A       80%         4


Dungeon Overview and Level Annotations

Branches:
Dungeon (3/15)

Altars:
Nemelex Xobeh


Innate Abilities, Weirdness & Mutations

You have temporarily grown beastly horns and talons.
Your plain brown scales are hard. (AC +5)
You cannot fit into any form of body armour.
You are cold-blooded and may be slowed by cold attacks.


Message History

The jelly is severely wounded.
The jelly hits you.
You are splashed with acid!
You are too injured to fight recklessly!
You are too injured to fight recklessly!
You are too injured to fight recklessly!
You are too injured to fight recklessly!
You are too injured to fight recklessly!
You are too injured to fight recklessly!
You are too injured to fight recklessly!
You are too injured to fight recklessly!
You are too injured to fight recklessly!
A jelly is nearby!
You hit the jelly.
Your hands burn!
You claw the jelly.
You kill the jelly!
An ice beast comes into view.
An ice beast is nearby!
Casting: Beastly Appendage (safe; 8% risk of failure)
Confirm with . or Enter, or press ? or * to list all spells.
You extend your transformation's duration.
You hit the ice beast but do no damage. Your kick misses the ice beast.
The ice beast misses you.
You hit the ice beast but do no damage. Your kick misses the ice beast.
The ice beast hits you. The ice beast freezes you!
* * * LOW HITPOINT WARNING * * *
You hit the ice beast but do no damage. Your kick misses the ice beast.
Your tail-slap misses the ice beast.
The ice beast barely misses you.
You hit the ice beast but do no damage.
You claw the ice beast, but do no damage.
You headbutt the ice beast!
The ice beast is moderately wounded.
The ice beast barely misses you.
Unknown command.
You hit the ice beast but do no damage. Your kick misses the ice beast.
You tail-slap the ice beast, but do no damage.
The ice beast is moderately wounded.
Your transformation is almost over.
The ice beast hits you.
* * * LOW HITPOINT WARNING * * *
The ice beast freezes you!
You feel yourself slow down.
You die...

... ..# #.# ... #.#
##+## #.# ##...##
#####.###.....##
##.##.#.#.......##
######....###...@Y....#
....>....## ##.....$..+
######..## ##....!..#
##..# .).....## #.#.#
.#.....##
#.##.#.###...## #.# #.#
##+## #.# ### .#


You could see an ice beast.

Vanquished Creatures
  A jelly (D:3)
  2 adders (D:2)
  4 dart slugs (D:1)
  5 bats (D:1)
  3 endoplasms
  2 giant cockroaches
  6 goblins
  3 hobgoblins (D:1)
  4 kobolds
  A quokka (D:1)
  5 ball pythons
  3 frilled lizards (D:1)
  4 rats
43 creatures vanquished.

Notes
Turn   | Place    | Note
-------+----------+-------------------------------------------
     0 | D:1      | Descartes the Draconian Transmuter began the quest for the
                  | Orb.
     0 | D:1      | Reached XP level 1. HP: 16/16 MP: 3/3
    92 | D:1      | Reached XP level 2. HP: 15/23 MP: 3/5
   603 | D:1      | Reached XP level 3. HP: 29/29 MP: 4/6
   942 | D:2      | Found a sparkling altar of Nemelex Xobeh.
  1719 | D:3      | Reached XP level 4. HP: 36/36 MP: 5/7
  1798 | D:3      | Noticed an ice beast
  1806 | D:3      | Mangled by an ice beast

Illustrated notes

Levels and vault maps discovered:
D:1:      lemuel_arrival_river_ford, layout_basic, minmay_quantized
D:2:      layout_basic, basic_altar, grunt_ministairs_11, serial_bayou_lagoon_b
D:3:      layout_loops_corners, due_unseen_surprise

Skill      XL: |  1  2  3 |
---------------+----------+-----
Dodging        | 2 |  2.4
Fighting       | 2 |  2.2
Unarmed Combat | |  3.6
Spellcasting   | |  2.6
Transmutations | |  2.7

Action                     |  1- 3 |  4- 6 || total
---------------------------+-------+-------++-------
  Melee: Unarmed           |    89 |     9 ||    98
         Tailslap          |    11 |     1 ||    12
         Headbutt          |     7 |     3 ||    10
         Kick              |    15 |     3 ||    18
   Cast: Beastly Appendage |    27 |     4 ||    31
 Armour: Skin              |    19 |     1 ||    20
  Dodge: Dodged            |    48 |     5 ||    53
